 Dungeon Crawl Stone Soup version 0.26-a0-812-g31a745ddcd (webtiles) character file.

Game seed: 13318890075677947321

3 dracos369 the Vexing (level 1, 0/13 HPs)
             Began as a Demonspawn Wanderer on Nov 19, 2020.
             Slain by a hobgoblin
             ... wielding a cursed -3 club
              (2 damage)
             ... on level 1 of the Dungeon.
             The game lasted 00:01:16 (171 turns).

dracos369 the Vexing (Demonspawn Wanderer)           Turns: 171, Time: 00:01:16

Health: 0/13       AC:  2    Str: 15    XL:     1   Next: 41%
Magic:  3/3        EV: 11    Int: 13    God:
Gold:   0          SH:  0    Dex:  9    Spells: 3/4 levels left

rFire    . . .     SeeInvis .   a - +0 club
rCold    . . .     Faith    .   (no shield)
rNeg     . . .     Spirit   .   d - +0 robe
rPois    .         Reflect  .   (no helmet)
rElec    .         Harm     .   (no cloak)
rCorr    .         Rampage  .   (no gloves)
MR       .....                  (no boots)
Stlth    ++........             (no amulet)
HPRegen  0.04/turn              (no ring)
MPRegen  0.08/turn              (no ring)

@: no status effects
A: no striking features
a: no special abilities


You were on level 1 of the Dungeon.
You visited 1 branch of the dungeon, and saw 1 of its levels.

Inventory:

Hand Weapons
 a - a +0 club (weapon)
 f - a +0 dagger
Armour
 d - a +0 robe (worn)
Scrolls
 c - a scroll of teleportation
 e - a scroll of noise {unknown}
Potions
 b - 3 potions of curing
 g - 2 potions of degeneration {unknown}


   Skills:
 + Level 1.7 Stealth
 + Level 2.2 Spellcasting
   Level 3.0 Hexes
 + Level 1.0 Fire Magic
   Level 2.0 Poison Magic


You had 3 spell levels left.
You knew the following spells:

 Your Spells              Type           Power        Failure   Level
a - Foxfire               Conj/Fire      #...         21%         1

Your spell library contained the following spells:

 Spells                   Type           Power        Failure   Level
 Inner Flame              Hex/Fire       #.......     32%         3
 Conjure Flame            Conj/Fire      #.......     52%         3
 Sticky Flame             Conj/Fire      #.......     90%         4
 Fireball                 Conj/Fire      #.........   99%         5


Dungeon Overview and Level Annotations

Branches:
Dungeon (1/15)

Altars:


Message History

The hobgoblin is severely wounded.
The hobgoblin closely misses you.
You hit the hobgoblin but do no damage.
The hobgoblin is severely wounded.
The hobgoblin misses you.
You barely miss the hobgoblin.
The hobgoblin is severely wounded.
The hobgoblin hits you with a cursed -3 club.
You closely miss the hobgoblin.
The hobgoblin is severely wounded.
The hobgoblin hits you with a cursed -3 club.
You barely miss the hobgoblin.
The hobgoblin is severely wounded.
The hobgoblin closely misses you.
The hobgoblin hits you with a cursed -3 club.
* * * LOW HITPOINT WARNING * * *
You hit the hobgoblin but do no damage.
The hobgoblin is severely wounded.
The hobgoblin hits you with a cursed -3 club.
You die...

###
..#
#.#
#
#g#
###
#@#
...
#.#
.#
#.#
#
#.#
#
...#
#.#
...#
#.#
##
...#
#.#
.##
#..#
#.#
....
#..#
#.#


You could see a hobgoblin.

Vanquished Creatures
  A leopard gecko (D:1)
  A frilled lizard (D:1)
  A kobold (D:1)
3 creatures vanquished.

Vanquished Creatures (others)
  4 foxfires (D:1)
4 creatures vanquished.

Grand Total: 7 creatures vanquished

Notes
Turn   | Place    | Note
-------+----------+-------------------------------------------
     0 | D:1      | dracos369 the Demonspawn Wanderer began the quest for the
                  | Orb.
     0 | D:1      | dracos369 set off with the following items: a +0 club, a
                  | potion of curing, a scroll of teleportation, a +0 robe, a
                  | +0 dagger; and the following spell memorised: Foxfire; and
                  | the following spells available to memorise: Inner Flame,
                  | Conjure Flame, Sticky Flame, Fireball
     0 | D:1      | Reached XP level 1. HP: 13/13 MP: 3/3
   171 | D:1      | Slain by a hobgoblin

Illustrated notes

Levels and vault maps discovered:
D:1:      dpeg_arrival_leaves_temple_mockup, layout_basic,
          minmay_misc_feat_ornament, serial_bayou_lake_a

Action                   || total
-------------------------++-------
Melee: Club              ||    11
 Cast: Foxfire           ||     2
Dodge: Dodged            ||     6

Table legend: (Time is in decaauts)
 A = Elapsed time spent in this place.
 B = Non-inter-level travel time spent in this place.
 C = Inter-level travel time spent in this place.
 D = Time resting spent in this place.
 E = Time spent auto-exploring this place.
 F = Levels seen in this place.
 G = Mean time per level.
                   A        B        C        D        E       F      G
               +--------+--------+--------+--------+--------+-----+--------+
         Total |    174 |    174 |      0 |      0 |    140 |   1 |  174.0 |
       Dungeon |    174 |    174 |      0 |      0 |    140 |   1 |  174.0 |
               +--------+--------+--------+--------+--------+-----+--------+

Top non-repeatable levels by time:
     D:1: 174 daAuts
